 Dungeon Crawl Stone Soup version 0.19-a0-1021-g80cc50c (webtiles) character file.

72 penismuncher the Caller (level 4, -12/29 HPs)
             Began as an Octopode Wanderer on July 28, 2016.
             Was an Initiate of Gozag.
             Mangled by Sigmund
             ... wielding a +0 scythe
              (13 damage)
             ... on level 2 of the Dungeon.
             The game lasted 00:01:10 (1407 turns).

penismuncher the Caller (Octopode Wanderer)         Turns: 1407, Time: 00:01:11

Health: -12/29     AC:  1    Str: 12    XL:     4   Next: 25%
Magic:  4/4        EV: 15    Int: 15    God:    Gozag
Gold:   92         SH:  8    Dex: 15    Spells: 0 memorised, 3 levels left

rFire  . . .     SeeInvis .       - Unarmed
rCold  . . .     Gourm    .     a - +0 shield
rNeg   . . .     Faith    .     (helmet restricted)
rPois  .         Spirit   .     (no amulet)
rElec  .         Dismiss  .     (no ring)
rCorr  .         Reflect  .     (no ring)
SustAt .         Harm     .     (no ring)
MR     .....                    (no ring)
Stlth  ++++......               (no ring)
                                (no ring)
                                (no ring)
                                (no ring)

@: agile, gold aura, not resistant to hostile enchantments, stealthy
A: almost no armour, amphibious, 8 rings, constrict 8, camouflage 1, gelatinous
body 1
a: Potion Petition, Call Merchant, Bribe Branch, Renounce Religion


You were on level 2 of the Dungeon.
You worshipped Gozag.
Gozag was noncommittal.
You were near starving.

You visited 1 branch of the dungeon, and saw 2 of its levels.

You collected 99 gold pieces.
You paid 7 gold pieces to Gozag.

Inventory:

Armour
 a - a +0 shield (worn)
Jewellery
 h - a +2 ring of strength {unknown}
Scrolls
 d - 3 scrolls of enchant weapon {unknown}
 e - a scroll of enchant armour {unknown}
Potions
 g - a potion of might {unknown}
 j - a potion of curing {unknown}
Books
 b - the Grimoire of Sinister Arts

   Spells                             Type                      Level
   a - Animate Skeleton               Necromancy                   1
   b - Regeneration                   Charms/Necromancy            3
 c - the Disquisition on Creation

   Spells                             Type                      Level
   a - Summon Small Mammal            Summoning                    1
   b - Summon Guardian Golem          Hexes/Summoning              3
Comestibles
 f - a bread ration


   Skills:
 - Level 2.0 Fighting
 + Level 2.8 Dodging
 - Level 1.3 Stealth
 - Level 2.0 Shields
 + Level 2.2 Unarmed Combat
   Level 4.0 Summonings
   Level 1.0 Necromancy


You had 3 spell levels left.
You didn't know any spells.

Dungeon Overview and Level Annotations

Branches:
Dungeon (2/15)

Altars:
Ashenzari
Dithmenos
Gozag
Makhleb
Qazlal
Uskayaw
Zin
The Shining One

Annotations:
D:2 Natasha, Sigmund


Innate Abilities, Weirdness & Mutations

You cannot wear most types of armour.
You are amphibious.
You can wear up to eight rings at the same time.
You can use your tentacles to constrict eight enemies at once.
Your skin changes colour to match your surroundings (Stealth+).
Your rubbery body absorbs attacks. (AC +1)


Message History

Natasha, Servant of Life and Death comes into view.
You block the hobgoblin's attack.
There are monsters nearby!
You tentacle-slap the hobgoblin but do no damage.
Your grab misses the hobgoblin. The hobgoblin closely misses you.
You tentacle-slap the hobgoblin. You grab the hobgoblin.
You squeeze the hobgoblin.
You kill the hobgoblin!
You hear some strange, mumbled words.
Something tries to affect you, but you resist.
A magic dart appears from out of thin air!
The magic dart hits you! Something hits you!
Ouch! That really hurt!
* * * LOW HITPOINT WARNING * * *
It was a potion of agility.
You feel agile all of a sudden. Something hits you!
You die...
Your body crumbles into a pile of gold.

######### ##.......#
########
......$..######......#
........h..@.........#
.........######..)...#
.........# #.)....#
.........# #......#
.........# #......#
..######## #....(.# ..
###.####
##############..#
#...........##..##


You could see Natasha.

Vanquished Creatures
  Natasha (D:2)
  An ooze (D:2)
  2 dart slugs (D:1)
  2 giant cockroaches
  7 goblins
  4 hobgoblins
  6 jackals (D:1)
  A quokka (D:2)
  4 bats
  4 kobolds
  4 rats
36 creatures vanquished.

Notes
Turn   | Place    | Note
-------+----------+-------------------------------------------
     0 | D:1      | penismuncher the Octopode Wanderer began the quest for the Orb.
     0 | D:1      | penismuncher set off with: a +0 shield, the Grimoire of Sinister Arts, the Disquisition on Creation, a +0 club, a bread ration
     0 | D:1      | Reached XP level 1. HP: 14/14 MP: 1/1
    59 | D:1      | Reached skill level 1 in Unarmed Combat
    64 | D:1      | Reached XP level 2. HP: 11/19 MP: 2/2
    68 | D:1      | Reached skill level 1 in Dodging
   680 | D:1      | Reached XP level 3. HP: 24/24 MP: 3/3
   693 | D:1      | Found a glowing golden altar of the Shining One.
   937 | D:2      | Noticed Natasha
   949 | D:2      | Killed Natasha
   949 | D:2      | Reached XP level 4. HP: 7/29 MP: 4/4
  1198 | D:2      | Found a stormy altar of Qazlal.
  1205 | D:2      | Found a shadowy altar of Dithmenos.
  1210 | D:2      | Found a shattered altar of Ashenzari.
  1217 | D:2      | Found a hide-covered altar of Uskayaw.
  1222 | D:2      | Found a burning altar of Makhleb.
  1237 | D:2      | Found a glowing silver altar of Zin.
  1242 | D:2      | Found an opulent altar of Gozag.
  1248 | D:2      | Became a worshipper of Gozag Ym Sagoz the Greedy
  1398 | D:2      | Noticed Sigmund
  1400 | D:2      | Noticed Natasha
  1404 | D:2      | HP: 1/29 [something (16)]
  1407 | D:2      | Mangled by Sigmund

Vault maps used:
D:1:      roderic_crossed_star, tso_metal_star
D:2:      grunt_temple_overflow_octagram, uniq_crazy_yiuf_cottage, uniq_natasha,
          uniq_sigmund

Skill      XL: |  1  2  3 |
---------------+----------+-----
Unarmed Combat | 1 2 |  2.2
Dodging        | 1 2 |  2.8
Fighting       | |  2.0
Stealth        | |  1.3
Shields        | |  2.0
Summonings     | |  4.0
Necromancy     | |  1.0

Action                   |  1- 3 |  4- 6 || total
-------------------------+-------+-------++-------
Melee: Unarmed           |    70 |    21 ||    91
       Constrict         |    22 |     7 ||    29
       Tentacles         |    14 |     2 ||    16
       Punch             |     1 |       ||     1
  Use: Potion            |       |     1 ||     1
 Stab: Sleeping          |     6 |     2 ||     8
Armor: Skin              |     5 |     1 ||     6
Dodge: Dodged            |    23 |     8 ||    31
Block: Shield            |    27 |     5 ||    32
